 Dungeon Crawl Stone Soup version 0.29.1-15-g9cfb28693d (webtiles) character file.

Game seed: 18147342473588109515

78 bmack86 the Shield-Bearer (level 4, 0/39 HPs)
             Began as a Minotaur Fighter on Apr 1, 2024.
             Slain by a gnoll
             ... wielding a +0 flail
              (8 damage)
             ... on level 3 of the Dungeon.
             The game lasted 00:03:07 (1812 turns).

bmack86 the Shield-Bearer (Minotaur Fighter)        Turns: 1812, Time: 00:03:07

Health: 0/39       AC:  9    Str: 23    XL:     4   Next: 15%
Magic:  3/3        EV:  7    Int:  5    God:
Gold:   76         SH:  4    Dex:  9    Spells: 3/3 levels left

rFire   . . .      SeeInvis .   a - +0 war axe
rCold   . . .      Faith    .   c - +0 buckler
rNeg    . . .      Spirit   .   m - +0 chain mail
rPois   .          Reflect  .   (helmet restricted)
rElec   .          Harm     .   (no cloak)
rCorr   .          Rampage  .   (no gloves)
Will    .....                   (no boots)
Stlth   ..........              (no amulet)
HPRegen 0.13/turn               (no ring)
MPRegen 0.08/turn               (no ring)

@: no status effects
A: horns 2, retaliatory headbutt
a: no special abilities


You were on level 3 of the Dungeon.
You visited 1 branch of the dungeon, and saw 3 of its levels.

You collected 76 gold pieces.

Inventory:

Hand Weapons
 a - a +0 war axe (weapon)
Missiles
 f - 6 boomerangs (quivered)
Armour
 b - a +0 scale mail
 c - a +0 buckler (worn)
 m - a +0 chain mail (worn)
Scrolls
 g - a scroll of brand weapon {unknown}
 h - 2 scrolls of teleportation {unknown}
 k - a scroll of silence
 l - a scroll of torment {unknown}
 n - a scroll of immolation {unknown}
 o - a scroll of fear {unknown}
 r - a scroll of noise {unknown}
Potions
 d - 3 potions of might
 e - a potion of invisibility
 i - a potion of haste
 j - a potion of flight {unknown}
 p - a potion of attraction {unknown}
 q - a potion of resistance {unknown}


   Skills:
 - Level 3.6 Fighting
 + Level 4.2 Axes
 - Level 3.6 Armour
 - Level 5.0 Shields


You had 3 spell levels left.
You didn't know any spells.
Your spell library contained the following spells:

 Spells                   Type           Power      Damage    Failure   Level
 Summon Small Mammal      Summ           0%         N/A       99%         1
 Call Canine Familiar     Summ           0%         N/A       100%        3
 Summon Guardian Golem    Hex/Summ       0%         N/A       100%        3


Dungeon Overview and Level Annotations

Branches:
Dungeon (3/15)

Altars:


Innate Abilities, Weirdness & Mutations

You have a pair of horns on your head.
You reflexively headbutt those who attack you in melee.


Message History

You climb downwards.
The hobgoblin shouts!
The gnoll shouts! x2
Found four items.
There is a stone staircase leading up here.
There are monsters nearby!
Found 11 gold pieces.
A bat comes into view.
The bat moves out of view.
You block the gnoll's attack.
You closely miss the gnoll.
A giant cockroach comes into view.
The gnoll barely misses you.
You slash the gnoll!
The gnoll is severely wounded.
You barely miss the gnoll. You hit the gnoll. x2
The gnoll hits you with a +0 club. x2
The gnoll hits you with a +2 flail of protection.
The gnoll hits you with a +0 flail. The gnoll hits you with a +0 club!
You block the gnoll's attack.
You barely miss the gnoll. Your headbutt misses the gnoll.
You slash the hobgoblin!
You kill the hobgoblin!
You barely miss the gnoll. You slash the gnoll! You hit the gnoll.
The gnoll closely misses you. x2; The gnoll hits you but does no damage.
The gnoll hits you with a +2 flail of protection!
* * * LOW HITPOINT WARNING * * *
The giant cockroach bites you but does no damage.
The gnoll hits you but does no damage.
You barely miss the giant cockroach. You headbutt the giant cockroach.
The giant cockroach is heavily wounded.
You slash the bat!
You kill the bat!
You hit the gnoll.
You kill the gnoll!
You completely miss the gnoll. You hit the gnoll.
You kill the gnoll!
The giant cockroach bites you.
* * * LOW HITPOINT WARNING * * *
The gnoll hits you with a +0 flail!
You die...

#................
#................
#$............[..
#......[.!.......
#................
.................
.......g.........
....?..g@B.......
#......).........
#................
#................
#................
.................
#................
.................


You could see 2 gnolls and a giant cockroach.

Vanquished Creatures
  Terence (D:2)
  2 gnolls (D:3)
  A worm (D:2)
  4 ball pythons (D:1)
  An endoplasm (D:1)
  2 giant cockroaches (D:2)
  5 goblins (D:1)
  7 hobgoblins
  3 jackals (D:2)
  8 kobolds
  A quokka (D:1)
  7 bats
  A frilled lizard (D:1)
  4 rats
47 creatures vanquished.

Vanquished Creatures (others)
  2 fungi (D:1)
  7 plants (D:1)
9 creatures vanquished.

Grand Total: 56 creatures vanquished

Notes
Turn   | Place    | Note
-------+----------+-------------------------------------------
     0 | D:1      | bmack86 the Minotaur Fighter began the quest for the Orb.
     0 | D:1      | Reached XP level 1. HP: 19/19 MP: 0/0
   151 | D:1      | Reached skill level 4 in Shields
   256 | D:1      | Reached XP level 2. HP: 26/26 MP: 1/1
   617 | D:1      | Found a faded altar of an unknown god.
   825 | D:1      | Reached XP level 3. HP: 31/31 MP: 2/2
  1136 | D:2      | Noticed Terence
  1143 | D:2      | Killed Terence
  1144 | D:2      | Reached skill level 5 in Shields
  1315 | D:2      | Reached XP level 4. HP: 39/39 MP: 3/3
  1812 | D:3      | Slain by a gnoll

Illustrated notes

Levels and vault maps discovered:
D:1:      dpeg_arrival_subterranean_lakeside_camping, layout_loops_corners,
          shapermc_ecumenical_altar_mp_urbaneastern
D:2:      layout_basic, uniq_terence
D:3:      layout_basic, lemuel_zombie_altar_kikubaaqudgha

Skill      XL: |  1  2  3 |
---------------+----------+-----
Shields        | 4 5 |  5.0
Axes           | 3 4 |  4.2
Fighting       | |  3.6
Armour         | |  3.6

Action                   |  1- 3 |  4- 6 || total
-------------------------+-------+-------++-------
Melee: War axe           |    69 |    24 ||    93
       Headbutt          |    14 |     2 ||    16
Throw: Boomerang         |     3 |       ||     3
  Use: Scroll            |     1 |     2 ||     3
Armor: Scale mail        |    21 |       ||    21
       Chain mail        |     6 |    15 ||    21
Dodge: Dodged            |    29 |    12 ||    41
Block: Buckler           |    13 |     7 ||    20
